 Dungeon Crawl Stone Soup version 0.30.0-29-ga12c61a403 (webtiles) character file.

Game seed: 13329866832217490539

32 fox255 the Trooper (level 3, -5/51 HPs)
             Began as a Minotaur Berserker on June 8, 2023.
             Was a Follower of Trog.
             Killed from afar by Sigmund (8 damage)
             ... with a puff of flame
             ... on level 2 of the Dungeon.
             The game lasted 00:03:20 (1136 turns).

fox255 the Trooper (Minotaur Berserker)             Turns: 1136, Time: 00:03:21

Health: -5/51      AC:  2    Str: 23    XL:     3   Next: 10%
Magic:  2/2        EV: 12    Int:  4    God:    Trog [*.....]
Gold:   120        SH:  0    Dex:  9    Spells: 2/2 levels left

rFire   . . .        a - +0 hand axe
rCold   . . .        (no shield)
rNeg    . . .        b - +0 animal skin
rPois   .            (helmet restricted)
rElec   .            (no cloak)
rCorr   .            (no gloves)
SInv    .            (no boots)
Will    .....        (no amulet) Stlth
                     (no ring)
HPRegen 0.28/turn    (no ring)
MPRegen 0.08/turn

%: no passive effects
@: berserking (expiring), very quick
A: horns 2, retaliatory headbutt
a: Renounce Religion, Berserk


You were on level 2 of the Dungeon.
You worshipped Trog.
Trog was aware of your devotion.
You visited 1 branch of the dungeon, and saw 2 of its levels.

You collected 120 gold pieces.

Inventory:

Hand Weapons
 a - a +0 hand axe (weapon)
Armour
 b - a +0 animal skin (worn)
Jewellery
 d - a ring of flight
 j - a +6 ring of strength
 o - an amulet of magic regeneration
Scrolls
 c - 2 scrolls of teleportation {unknown}
 e - 2 scrolls of vulnerability {unknown}
 f - a scroll of magic mapping {unknown}
 k - a scroll of silence {unknown}
 l - a scroll of enchant weapon {unknown}
 m - 2 scrolls of amnesia {unknown}
 n - 3 scrolls of identify {unknown}
 p - a scroll of fear {unknown}
Potions
 g - a potion of resistance {unknown}
 h - 2 potions of brilliance {unknown}
 i - a potion of curing {unknown}
 q - 2 potions of lignification {unknown}


   Skills:
 * Level 4.7 Fighting
 + Level 4.1 Axes
 + Level 2.5 Armour
 - Level 2.1 Dodging


You had 2 spell levels left.
You didn't know any spells.
Your spell library was empty.

Dungeon Overview and Level Annotations

Branches:
Dungeon (2/15)

Altars:

Annotations:
D:2 Sigmund


Innate Abilities, Weirdness & Mutations

You have a pair of horns on your head.
You reflexively headbutt those who attack you in melee.


Message History

Your headbutt misses the giant cockroach.
The giant cockroach bites you.
You hit the giant cockroach but do no damage.
The giant cockroach bites you but does no damage.
The giant cockroach barely misses you.
You barely miss the giant cockroach.
The giant cockroach bites you but does no damage.
You slash the giant cockroach!
You kill the giant cockroach!
Trog accepts your kill.
You see here a giant cockroach corpse.
There is an escape hatch in the ceiling here.
Okay, then.
Sigmund shouts!
Sigmund points at you and mumbles some strange words.
The puff of flame hits you!
Sigmund hits you from afar with a +0 scythe!
A red film seems to cover your vision as you go berserk!
You feel yourself moving faster!
You feel mighty!
Sigmund casts a spell.
Sigmund flickers and vanishes!
Deactivating autopickup; reactivate with Ctrl-A.
You miss something. Something hits you.
You barely miss something. Your headbutt misses something. Something hits you.
You closely miss something. Your headbutt misses something.
You slash something! Your headbutt misses something. You hit something.
Something hits you!
* * * LOW HITPOINT WARNING * * *
You hit something. Your headbutt misses something. You miss something.
Your headbutt misses something. Something hits you but does no damage.
You hit something. You miss something. Something hits you!
* * * LOW HITPOINT WARNING * * *
You miss something. You completely miss something.
You hear some strange, mumbled words.
A puff of flame appears from out of thin air!
The puff of flame hits you!
You die...

.................................
########.#################.......
########.# ############........
.........#####.....#.............
.....##...................#......
#.....#....................#.....
#.....#.........>..........######
#...............{......^>..#
#.....#.....<...@..........# ####
###.#.#>...................# #...
#.#.#...................## #...
#...#..................#####...
###....##...##.#..###...#......
####................####...##...
#.......##......................
#..##.#..#..........########....
##.###..#.##.........# #####.#..


There were no monsters in sight!

Vanquished Creatures
  An adder (D:2)
  4 endoplasms (D:2)
  2 giant cockroaches
  3 goblins
  3 hobgoblins (D:2)
  3 kobolds
  A quokka (D:2)
  A bat (D:2)
  A frilled lizard (D:2)
  A rat (D:1)
20 creatures vanquished.

Notes
Turn   | Place    | Note
-------+----------+-------------------------------------------
     0 | D:1      | fox255 the Minotaur Berserker began the quest for the Orb.
     0 | D:1      | Reached XP level 1. HP: 19/19 MP: 0/0
   674 | D:2      | Reached XP level 2. HP: 24/27 MP: 1/1
   849 | D:2      | Reached XP level 3. HP: 34/34 MP: 2/2
   893 | D:2      | Noticed Sigmund
  1136 | D:2      | Killed from afar by Sigmund

Illustrated notes

Levels and vault maps discovered:
D:1:      minmay_arrival_plants_in_alcoves, layout_basic
D:2:      layout_rooms, uniq_sigmund

Skill      XL: |  1  2 |
---------------+-------+-----
Fighting       | 4 |  4.7
Axes           | 4 |  4.1
Armour         | |  2.5
Dodging        | |  2.1

Action                     || total
---------------------------++-------
  Melee: Hand axe          ||    56
         Headbutt          ||     6
 Invoke: Berserk           ||     1
   Stab: Distracted        ||     1
 Armour: Animal skin       ||     8
  Dodge: Dodged            ||    24
